 Dungeon Sprint DCSS version 0.30-a0-465-g8901f6c8b5 (webtiles) character file.

Game seed: 8569890469882644000

20080 holysushi the Spry (level 12, -5/82 HPs)
             Began as an Octopode Artificer on Dec 18, 2022.
             Was the Champion of Sif Muna.
             Killed from afar by a lich (54 damage)
             ... with a bolt of cold
             ... in the Dungeon (Sprint V: "Ziggurat Sprint").
             The game lasted 00:15:32 (1346 turns).

holysushi the Spry (Octopode Artificer)             Turns: 1346, Time: 00:15:33

Health: -5/82      AC:  1    Str: 22    XL:     12   Next: 75%
Magic:  31/31      EV: 42    Int: 31    God:    Sif Muna [******]
Gold:   0          SH:  0    Dex: 39    Spells: 1/30 levels left

rFire   + . .      SeeInvis .    D - +6 Majin-Bo {vamp, MP+6 Int+6}
rCold   x . .      Faith    +    (shield currently unavailable)
rNeg    . . .      Spirit   .    (helmet restricted)
rPois   +          Reflect  .    G - amulet of Absolutism {Faith Will+}
rElec   +          Harm     .    n - +6 ring of dexterity
rCorr   .          Rampage  .    o - +6 ring of dexterity
Will    ++...      NoTele   +    p - +6 ring of intelligence
Stlth   +++++.....               q - +6 ring of intelligence
HPRegen 0.33/turn                H - ring "Arghank" {Fire Fly Dex+6}
MPRegen 0.22/turn                J - ring "Vanoejat" {rElec Str+4 Int-5 Dex+6 Stlth+}
                                 U - ring of willpower
                                 Y - ring "Cidweple" {Drain rPois Str+6 Int+3}

@: flying, studying Necromancy
A: almost no armour, amphibious, 8 rings, camouflage 1, gelatinous body 1,
(nimble swimmer 1), tentacles, deterioration 1
a: Renounce Religion, Channel Magic, Forget Spell, Divine Exegesis


You were in the Dungeon.
You worshipped Sif Muna.
Sif Muna was exalted by your worship.
You visited 1 branch

Inventory:

Hand Weapons
 D - the +6 Majin-Bo (weapon) {vamp, MP+6 Int+6}
   (You found it in the Dungeon)

   It heals its wielder for a portion of the damage dealt when they wound a
   living foe with it or with a spell.
   Its wielder's spells cost health as well as magical power.
   Int:       It affects your intelligence (+6).
   MP:        It affects your magic capacity (+6).
 E - the +7 Singing Sword {vorpal, sonic wave}
   (You found it in the Dungeon)

   It inflicts extra damage upon your enemies.
   It radiates damaging sonic waves as it strikes, especially in combat
   involving dangerous or numerous foes.
 F - the +8 lance "Wyrmbane" {slay drac, rPois rF+ rC+ AC+3}
   (You found it in the Dungeon)

   It inflicts extra damage against dragons and draconians.
   AC:        It affects your AC (+3).
   rF:        It protects you from fire.
   rC:        It protects you from cold.
   rPois:     It protects you from poison.
 S - the +10 hand axe of Untimely Demise {drain, Fragile Int+4 Dex+7}
   (You found it in the Dungeon)

   A truly terrible weapon, it drains the life of any living foe it strikes.
   Int:       It affects your intelligence (+4).
   Dex:       It affects your dexterity (+7).
   Fragile:   It will be destroyed if unequipped.
 X - the +8 Vampire's Tooth {vamp}
   (You found it in the Dungeon)

   It occasionally heals its wielder for the full amount of damage dealt when it
   wounds a living foe.
Armour
 a - the +18 shield of the Gong {rElec rN+ Will+ EV-5}
   (You found it in the Dungeon)

   It is deafeningly noisy when blocking attacks.
   EV:        It affects your evasion (-5).
   rElec:     It insulates you from electricity.
   rN:        It protects you from negative energy.
   Will:      It increases your willpower.
Jewellery
 m - a ring of flight
 n - a +6 ring of dexterity (left tentacle)
 o - a +6 ring of dexterity (right tentacle)
 p - a +6 ring of intelligence (on tentacle)
 q - a +6 ring of intelligence (on tentacle)
 r - a +6 ring of strength
 s - a +6 ring of strength
 G - the amulet of Absolutism (around mantle) {Faith Will+}
   (You found it in the Dungeon)

   [amulet of faith]

   It allows you to gain divine favour quickly.
   Will:      It increases your willpower.
 H - the ring "Arghank" (on tentacle) {Fire Fly Dex+6}
   (You found it in the Dungeon)

   [ring of fire]

   It enhances your fire magic.
   Dex:       It affects your dexterity (+6).
   rF:        It protects you from fire.
   rC:        It makes you vulnerable to cold.
   Fly:       It grants you flight.
 J - the ring "Vanoejat" (on tentacle) {rElec Str+4 Int-5 Dex+6 Stlth+}
   (You found it in the Dungeon)

   [ring of dexterity]

   Str:       It affects your strength (+4).
   Int:       It affects your intelligence (-5).
   Dex:       It affects your dexterity (+6).
   rElec:     It insulates you from electricity.
   Stlth:     It makes you more stealthy.
 K - a +6 ring of strength
 L - a ring of positive energy
 M - the ring "Xijuozaz" {rElec Str+6 Int-4 Slay+2}
   (You found it in the Dungeon)

   [ring of strength]

   Str:       It affects your strength (+6).
   Int:       It affects your intelligence (-4).
   Slay:      It affects your accuracy & damage with ranged weapons and melee
   (+2).
   rElec:     It insulates you from electricity.
 N - a +6 ring of strength
 Q - a ring of resist corrosion
 U - a ring of willpower (on tentacle)
 V - a ring of ice
 Y - the ring "Cidweple" (on tentacle) {Drain rPois Str+6 Int+3}
   (You found it in the Dungeon)

   [ring of strength]

   Str:       It affects your strength (+6).
   Int:       It affects your intelligence (+3).
   rPois:     It protects you from poison.
   Drain:     It drains your maximum health when unequipped.
Wands
 b - a wand of flame (15) (quivered)
 c - a wand of charming (15)
 d - a wand of iceblast (3)
 k - a wand of mindburst (7)
 l - a wand of light (5)
Scrolls
 j - 3 scrolls of blinking
 t - 4 scrolls of amnesia
 u - 7 scrolls of fog
 v - 5 scrolls of identify
 w - 2 scrolls of fear
 I - a scroll of brand weapon
 T - 8 scrolls of enchant armour
Potions
 e - 7 potions of curing
 f - 9 potions of heal wounds
 g - 5 potions of haste
 h - 7 potions of magic
 i - 3 potions of berserk rage
 x - 2 potions of brilliance
 z - 2 potions of invisibility
 A - 4 potions of resistance
 C - 5 potions of might
Miscellaneous
 y - a lightning rod (4/4)
 B - a phantom mirror (inert)
 O - a condenser vane
 P - a tin of tremorstones (2/2)
 R - a phial of floods
 W - a box of beasts (inert)


   Skills:
 - Level 8.0 Fighting
 + Level 19.1 Dodging
 - Level 1.3 Stealth
 + Level 9.8 Spellcasting
 + Level 3.9 Necromancy
 + Level 16.2 Fire Magic
 - Level 18.1 Evocations


You had one spell level left.
You knew the following spells:

 Your Spells              Type           Power      Damage    Failure   Level
a - Starburst             Conj/Fire      39%        6d11      19%         6
b - Sticky Flame          Conj/Fire      78%        2d9       1%          4
c - Fireball              Conj/Fire      39%        3d16      3%          5
d - Ignition              Fire           54%        3d15      28%         8
e - Death Channel         Necr           19%        N/A       71%         6

Your spell library contained the following spells:

 Spells                   Type           Power      Damage    Failure   Level
 Foxfire                  Conj/Fire      100%       2x1d9     1%          1
 Kiss of Death            Conj/Necr      100%       2d13      1%          1
 Necrotise                Necr           100%       1d9       1%          1
 Magic Dart               Conj           60%        1d6       3%          1
 Sandblast                Erth           30%        2d9       3%          1
 Shock                    Conj/Air       60%        1d6       3%          1
 Slow                     Hex            60%        N/A       3%          1
 Summon Small Mammal      Summ           60%        N/A       3%          1
 Scorch                   Fire           100%       2d10      0%          2
 Sublimation of Blood     Necr           39%        N/A       1%          2
 Ignite Poison            Fire/Tmut/Pois 65%        N/A       1%          3
 Inner Flame              Hex/Fire       78%        N/A       1%          3
 Kindle Blastsparks       Fire/Tloc/Air  100%       2d18      1%          3
 Vampiric Draining        Necr           39%        2d8       1%          3
 Flame Wave               Conj/Fire      78%        2d17      1%          4
 Cigotuvi's Dreadful Rot  Necr/Pois/Air  46%        N/A       3%          2
 Call Imp                 Summ           15%        N/A       4%          2
 Ensorcelled Hibernation  Hex/Ice        30%        N/A       4%          2
 Momentum Strike          Conj/Tloc      30%        3d8       4%          2
 Passwall                 Tmut/Erth      12%        N/A       4%          2
 Poisonous Vapours        Pois/Air       30%        N/A       4%          2
 Static Discharge         Conj/Air       30%        2-4/arc   4%          2
 Dispel Undead            Necr           39%        3d16      7%          4
 Call Canine Familiar     Summ           15%        N/A       10%         3
 Confusing Touch          Hex            15%        N/A       10%         3
 Dazzling Flash           Conj/Hex       30%        N/A       10%         3
 Frozen Ramparts          Ice            30%        1d5       10%         3
 Gell's Gravitas          Tloc           15%        N/A       10%         3
 Hailstorm                Conj/Ice       15%        3d5       10%         3
 Mephitic Cloud           Conj/Pois/Air  15%        N/A       10%         3
 Ozocubu's Armour         Ice            15%        N/A       10%         3
 Portal Projectile        Hex/Tloc       30%        N/A       10%         3
 Spider Form              Tmut/Pois      15%        N/A       10%         3
 Stone Arrow              Conj/Erth      30%        3d8       10%         3
 Summon Guardian Golem    Hex/Summ       15%        N/A       10%         3
 Swiftness                Air            15%        N/A       10%         3
 Teleport Other           Tloc           15%        N/A       10%         3
 Vhi's Electric Charge    Tloc/Air       30%        N/A       10%         3
 Anguish                  Hex/Necr       13%        N/A       14%         4
 Agony                    Necr           39%        N/A       19%         5
 Airstrike                Air            7%         2d(2-18)  32%         4
 Ice Form                 Ice/Tmut       15%        N/A       32%         4
 Iskenderun's Mystic Bla  Conj/Tloc      15%        2d5       32%         4
 Leda's Liquefaction      Hex/Erth       7%         N/A       32%         4
 Passage of Golubria      Tloc           15%        N/A       32%         4
 Petrify                  Tmut/Erth      15%        N/A       32%         4
 Summon Ice Beast         Ice/Summ       15%        N/A       32%         4
 Borgnjor's Vile Clutch   Necr/Erth      13%        N/A       38%         5
 Alistair's Intoxication  Tmut/Pois      10%        N/A       67%         5
 Arcjolt                  Conj/Air       7%         1d17      67%         5
 Blade Hands              Tmut           7%         N/A       67%         5
 Freezing Cloud           Conj/Ice/Air   7%         6-21      67%         5
 Irradiate                Conj/Tmut      7%         3d14      67%         5
 Iskenderun's Battlesphe  Conj           15%        2d7       67%         5
 Silence                  Hex/Air        7%         N/A       67%         5
 Summon Mana Viper        Hex/Summ       15%        N/A       67%         5
 Yara's Violent Unravell  Hex/Tmut       7%         3d5       67%         5
 Simulacrum               Ice/Necr       13%        N/A       92%         6
 Conjure Ball Lightning   Conj/Air       7%         3x3d6     99%         6
 Dispersal                Tloc           7%         N/A       99%         6
 Eringya's Noxious Bog    Tmut/Pois      7%         N/A       99%         6
 Summon Cactus Giant      Summ           7%         N/A       99%         6
 Dragon Form              Tmut           7%         N/A       100%        7
 Enfeeble                 Hex            7%         N/A       100%        7
 Orb of Destruction       Conj           7%         9d6       100%        7
 Ozocubu's Refrigeration  Ice            7%         4d9       100%        7
 Spellforged Servitor     Conj/Summ      7%         N/A       100%        7
 Summon Hydra             Summ           7%         N/A       100%        7
 Borgnjor's Revivificati  Necr           19%        N/A       100%        8
 Infestation              Necr           19%        N/A       100%        8
 Lehudib's Crystal Spear  Conj/Erth      7%         10d3      100%        8
 Necromutation            Tmut/Necr      13%        N/A       100%        8
 Summon Horrible Things   Summ           7%         N/A       100%        8
 Chain Lightning          Conj/Air       7%         3d10      100%        9
 Death's Door             Necr           19%        N/A       100%        9
 Fire Storm               Conj/Fire      39%        8d10      100%        9
 Polar Vortex             Ice            7%         N/A       100%        9
 Shatter                  Erth           7%         3d10*     100%        9
 Animate Armour           Summ/Erth      Unusable   N/A       N/A         4

Dungeon Overview and Level Annotations

Branches:
Dungeon (1/1) Zot: 27000

Altars:
Ashenzari
Cheibriados
Dithmenos
Elyvilon
Fedhas
Gozag
Hepliaklqana
Kikubaaqudgha
Makhleb
Nemelex Xobeh
Okawaru
Qazlal
Ru
Sif Muna
Trog
Uskayaw
Vehumet
Wu Jian
Xom
Yredelemnul
Zin
The Shining One
Jiyva
Lugonu


Innate Abilities, Weirdness & Mutations

You cannot wear most types of armour.
You are amphibious.
You can wear up to eight rings at the same time.
Your skin changes colour to match your surroundings (Stealth+).
Your rubbery body absorbs attacks. (AC +1, EV +1)
((You are camouflaged when in or above water. (Stealth+)))
You have tentacles for arms and can constrict up to eight enemies at once.
Your body sometimes deteriorates upon taking damage.


Message History

The vampire mage is engulfed in acidic fog.
The vampire mage seems to be corroded for longer.
You hear some strange, mumbled words.
Sif Muna accepts your kill.
You hear a splash.
You feel a bit more experienced.
The necrophage is engulfed in acidic fog.
The necrophage seems to be corroded for longer.
You destroy the necrophage!
Sif Muna accepts your kill.
The phantasmal warrior barely misses you.
The flayed ghost is engulfed in acidic fog.
Your mature batox beast hits the lich!
Your mature batox beast tramples the lich.
The lich holds its ground!
Your Necromancy skill increases to level 3!
Aiming: Phantom Mirror
Press: ? - help, Dir - move target, f - elder shockweird beast, p - lich
Aim: an elder shockweird beast (summoned, friendly)
You reflect your elder shockweird beast with the mirror!
The mirror clouds!
The bat zombie completely misses you.
Your mature batox beast hits the lich!
Your mature batox beast tramples the lich but does no damage.
The bat zombie completely misses you.
Something seems to be corroded for longer.
Sif Muna accepts your kill.
You hear a splash.
The phantasmal warrior disappears in a puff of smoke! x2
The bat zombie disappears in a puff of smoke!
The giant cockroach simulacrum disappears in a puff of smoke!
You feel a bit more experienced.
The vampire mage is engulfed in acidic fog.
The vampire mage hits your mature batox beast!
The vampire mage bites your mature batox beast.
You hear some strange, mumbled words.
A bolt of cold appears from out of thin air!
Deactivating autopickup; reactivate with Ctrl-A.
The bolt of cold hits you!!!
You feel a terrible chill!
Ouch! That really hurt!
You die...

▓....8©8..
▓..§§§§§§§=...▓..:)}}).)
▓..§§§§§§§§§..▓...)[)|.|
▓..§§§n§W§§§..▓......†..
▓...§§p§V§§§..▓.†...††..
▓...§§{HL§~...▓....††...
▓......H~~§§§.▓.........
▓......§H~§§§.▓..†......
▓......@WH§§§.▓..▓..†..▓
▓.............▓.........
▓.............▓.....©...
▓.............▓▓▓▓▓▓▓▓▓▓
▓......©......▓....8©8..
▓▓▓▓▓▓▓▓▓▓▓▓▓▓▓..)[)[.[.
▓..[..)[}) ▓......†..
▓.......[.


You could see a ghoul, a lich (distracted, ally target), a flayed ghost
(summoned), a vampire mage (corroded), a phantasmal warrior (summoned, corroded,
ally target), a necromancer and 4 friendly mutant beasts.

Vanquished Creatures
  2 stone giants (D)
  An eidolon (D)
  2 fire dragons (D)
  A hydra (D)
  An ice dragon (D)
  A death scarab (D)
  A two-headed ogre (D)
  A thrashing horror (D)
  2 vampire magi (D)
  A soul eater (D)
  2 death drakes (D)
  2 swamp dragons (D)
  3 orc knights (D)
  A necromancer (D)
  An orc sorcerer (D)
  A shining eye (D)
  A cane toad (D)
  3 komodo dragons (D)
  3 rime drakes (D)
  A polar bear (D)
  An ancient zyme (D)
  2 trolls (D)
  A blink frog (D)
  2 wyverns (D)
  A shadow (D)
  An ushabti (D)
  A yak (D)
  A golden eye (D)
  A basilisk (D)
  A steam dragon (D)
  2 nagas (D)
  A large abomination (D)
  3 acid dragons (D)
  4 water moccasins (D)
  A floating eye (D)
  4 swamp drakes (D)
  3 orc warriors (D)
  A black bear (D)
  4 ogres (D)
  A wolf (D)
  4 phantoms (D)
  3 bullfrogs (D)
  3 necrophages (D)
  A quasit (D)
  2 iron imps (D)
  2 iguanas (D)
  A river rat (D)
  A white imp (D)
  2 ufetubi (D)
  A spectral adder (D)
  2 adder zombies (D)
  2 adder skeletons (D)
  A spectral bat (D)
  3 ball pythons (D)
  3 bat skeletons (D)
  3 bat zombies (D)
  2 endoplasms (D)
  2 ball python skeletons (D)
  3 ball python zombies (D)
  A giant cockroach zombie (D)
  A jackal skeleton (D)
  2 quokka skeletons (D)
  2 spectral ball pythons (D)
114 creatures vanquished.

Vanquished Creatures (collateral kills)
  A komodo dragon (D)
  A blink frog (D)
  A yak (D)
  A wolf (D)
  A jelly (D)
  A mummy (D)
  An endoplasm (D)
  A spectral giant cockroach (D)
8 creatures vanquished.

Vanquished Creatures (others)
  2 wyverns (D)
2 creatures vanquished.

Grand Total: 124 creatures vanquished

Notes
Turn   | Place    | Note
-------+----------+-------------------------------------------
     0 | D        | holysushi the Octopode Artificer began the quest for the
                  | Orb.
     0 | D        | Reached XP level 1. HP: 13/13 MP: 1/1
     0 | D        | Found a shimmering blue altar of Sif Muna.
     0 | D        | Found a bloodstained altar of Trog.
     0 | D        | Found a sacrificial altar of Ru.
     0 | D        | Found a stormy altar of Qazlal.
     0 | D        | Found an iron altar of Okawaru.
     2 | D        | Found a sparkling altar of Nemelex Xobeh.
     2 | D        | Found the +6 Majin-Bo {vamp, MP+6 Int+6}
     2 | D        | Found the +27 heavy crossbow "Sniper" {vorpal, Acc+∞ SInv}
     2 | D        | Found the +10 dark maul {vorpal}
     2 | D        | Found the +15 Maxwell's patent armour {-Cast -Tele rElec
                  | Will+ rCorr}
     2 | D        | Found the +18 shield of the Gong {rElec rN+ Will+ EV-5}
     2 | D        | Found the +14 obsidian axe {vorpal, Mesm Drain Fly SInv}
     2 | D        | Found the +7 great mace "Firestarter" {inner flame, rF++}
     2 | D        | Found the +6 shillelagh "Devastator" {shatter}
     2 | D        | Found the +11 plutonium sword {Contam Stlth-}
     2 | D        | Found the +8 lance "Wyrmbane" {slay drac, rPois rF+ rC+
                  | AC+3}
     2 | D        | Found the +9 sword of Zonguldrok {reap}
     2 | D        | Found the +13 scythe of Curses {drain, Drain}
     2 | D        | Found the +5 sword of Power {vorpal}
     2 | D        | Found the +7 mace of Variability {chain chaos}
     2 | D        | Found the +7 Singing Sword {vorpal, sonic wave}
     2 | D        | Found the +8 storm bow {elec, penet}
     8 | D        | Found a corrupted altar of Lugonu.
     8 | D        | Found an ancient bone altar of Kikubaaqudgha.
     8 | D        | Found a burning altar of Makhleb.
     8 | D        | Found a transporter.
     8 | D        | Found a viscous altar of Jiyva.
     8 | D        | Found a hazy altar of Hepliaklqana.
    12 | D        | Found an opulent altar of Gozag.
    13 | D        | Found a blossoming altar of Fedhas.
    54 | D        | Became a worshipper of Sif Muna the Loreminder
    89 | D        | Reached XP level 2. HP: 18/18 MP: 2/2
    90 | D        | Entered arena 2.
    90 | D        | Found a transporter.
    95 | D        | Reached skill level 3 in Dodging
    95 | D        | Reached XP level 3. HP: 23/25 MP: 3/3
   108 | D        | Entered arena 3.
   108 | D        | Noticed a bullfrog
   108 | D        | Found a transporter.
   109 | D        | Reached * piety under Sif Muna
   110 | D        | Killed a bullfrog
   111 | D        | Reached skill level 5 in Dodging
   111 | D        | Reached skill level 10 in Evocations
   111 | D        | Reached XP level 4. HP: 33/33 MP: 4/4
   112 | D        | Reached XP level 5. HP: 37/37 MP: 5/5
   117 | D        | Got the amulet of Absolutism {Faith Will+}
   126 | D        | Entered arena 4.
   126 | D        | Noticed a phantom
   126 | D        | Found a transporter.
   128 | D        | Killed a phantom
   128 | D        | Reached ** piety under Sif Muna
   129 | D        | Reached skill level 6 in Dodging
   129 | D        | Reached *** piety under Sif Muna
   141 | D        | Entered arena 5.
   141 | D        | Noticed a death scarab
   141 | D        | Noticed an ushabti
   141 | D        | Found a transporter.
   143 | D        | Reached skill level 7 in Dodging
   143 | D        | Reached XP level 6. HP: 43/43 MP: 6/6
   146 | D        | Killed a death scarab
   146 | D        | Reached **** piety under Sif Muna
   147 | D        | Reached skill level 10 in Dodging
   147 | D        | Reached XP level 7. HP: 42/48 MP: 7/7
   148 | D        | Killed an ushabti
   149 | D        | Reached skill level 11 in Dodging
   149 | D        | Reached XP level 8. HP: 48/54 MP: 8/8
   154 | D        | Got the ring "Arghank" {Fire Fly Dex+6}
   168 | D        | Entered arena 6.
   168 | D        | Noticed a two-headed ogre
   168 | D        | Noticed a troll
   168 | D        | Noticed a troll
   168 | D        | Found a transporter.
   176 | D        | Killed a troll
   176 | D        | Reached ***** piety under Sif Muna
   177 | D        | Reached skill level 5 in Fighting
   177 | D        | Reached skill level 15 in Evocations
   177 | D        | Killed a troll
   177 | D        | Received a gift from Sif Muna
   178 | D        | Reached skill level 12 in Dodging
   178 | D        | Killed a two-headed ogre
   179 | D        | Reached XP level 9. HP: 55/65 MP: 9/9
   200 | D        | Entered arena 7.
   200 | D        | Noticed a shining eye
   202 | D        | Gained mutation: Your body sometimes deteriorates upon
                  | taking damage. [a shining eye]
   203 | D        | Reached skill level 13 in Dodging
   203 | D        | Reached skill level 1 in Spellcasting
   203 | D        | Found a transporter.
   204 | D        | Received a gift from Sif Muna
   206 | D        | Killed a shining eye
   207 | D        | Got Peziff's Book of Excruciating Allies {god gift}
   225 | D        | Entered arena 8.
   225 | D        | Found the +8 mithril axe "Arga" {speed, Will+}
   225 | D        | Noticed a polar bear
   226 | D        | Found a transporter.
   230 | D        | Killed a polar bear
   233 | D        | Reached skill level 14 in Dodging
   233 | D        | Reached XP level 10. HP: 72/72 MP: 12/16
   238 | D        | Got the ring "Vanoejat" {rElec Str+4 Int-5 Dex+6 Stlth+}
   262 | D        | Learned a level 6 spell: Starburst
   262 | D        | Entered arena 9.
   263 | D        | Found a transporter.
   265 | D        | Received a gift from Sif Muna
   267 | D        | Reached skill level 5 in Spellcasting
   269 | D        | Got Goizatuq's Commentary on Blasting {god gift}
   293 | D        | Entered arena 10.
   293 | D        | Found the +12 glaive of Prune {vorpal}
   294 | D        | Found a transporter.
   296 | D        | Received a gift from Sif Muna
   298 | D        | Reached ****** piety under Sif Muna
   298 | D        | Received a gift from Sif Muna
   299 | D        | Reached skill level 1 in Fire Magic
   301 | D        | Got Sif Muna's Anthology of the Geometric Barrage {god
                  | gift}
   351 | D        | Entered arena 11.
   352 | D        | Found a transporter.
   371 | D        | Reached skill level 15 in Dodging
   371 | D        | Received a gift from Sif Muna
   384 | D        | Reached skill level 5 in Fire Magic
   393 | D        | Got Sif Muna's Quarto of Companions and Darkness {god gift}
   400 | D        | Got the ring "Xijuozaz" {rElec Str+6 Int-4 Slay+2}
   461 | D        | Entered arena 12.
   461 | D        | Noticed a thrashing horror
   461 | D        | Noticed an eidolon
   469 | D        | Received a gift from Sif Muna
   473 | D        | Found a transporter.
   481 | D        | Killed an eidolon
   481 | D        | Killed a thrashing horror
   482 | D        | Reached XP level 11. HP: 62/77 MP: 18/18
   603 | D        | Got the Verses on Conflagrant Coordinates
   612 | D        | Entered arena 13.
   612 | D        | Noticed an orc knight
   612 | D        | Noticed an orc sorcerer
   612 | D        | Noticed an orc knight
   613 | D        | Noticed a stone giant
   613 | D        | Noticed a stone giant
   613 | D        | Noticed an orc knight
   613 | D        | Found the +8 Wrath of Trog {antimagic, *Rage Rampage}
   618 | D        | Received a gift from Sif Muna
   620 | D        | Killed an orc sorcerer
   620 | D        | Killed an orc knight
   621 | D        | Reached skill level 16 in Dodging
   621 | D        | Reached skill level 10 in Fire Magic
   621 | D        | Received a gift from Sif Muna
   621 | D        | Killed an orc knight
   622 | D        | Killed an orc knight
   623 | D        | Killed a stone giant
   623 | D        | Killed a stone giant
   624 | D        | Reached skill level 17 in Dodging
   626 | D        | Got Halotoe's Disquisition on Conjuration and Calefaction
                  | {god gift}
   632 | D        | Learned a level 4 spell: Sticky Flame
   632 | D        | Found a transporter.
   708 | D        | Got the amulet of Wayp {Spirit Dex+4}
   713 | D        | Got the +10 hand axe of Untimely Demise {drain, Fragile
                  | Int+4 Dex+7}
   728 | D        | Entered arena 14.
   730 | D        | Noticed a soul eater
   734 | D        | Received a gift from Sif Muna
   736 | D        | Killed a soul eater
   736 | D        | Received a gift from Sif Muna
   739 | D        | Found a transporter.
   741 | D        | Got Sif Muna's Guidebook on Battle Magic and the Caves {god
                  | gift}
   741 | D        | Got Sif Muna's Compilation of Elsewhere and Rallying {god
                  | gift}
   943 | D        | Entered arena 15.
   944 | D        | Noticed a death drake
   944 | D        | Noticed a seven-headed hydra
   945 | D        | Noticed a death drake
   945 | D        | Noticed a swamp dragon
   945 | D        | Noticed a fire dragon
   945 | D        | Noticed a fire dragon
   945 | D        | Noticed a swamp dragon
   945 | D        | Noticed an ice dragon
   945 | D        | Found the +5 demon whip "Spellbinder" {antimagic, Will+}
   947 | D        | Received a gift from Sif Muna
   952 | D        | Killed a swamp dragon
   952 | D        | Killed a seven-headed hydra
   953 | D        | Reached XP level 12. HP: 61/82 MP: 21/21
   953 | D        | Killed a fire dragon
   953 | D        | Received a gift from Sif Muna
   954 | D        | Killed an ice dragon
   955 | D        | Reached skill level 18 in Dodging
   956 | D        | Reached skill level 15 in Fire Magic
   961 | D        | Received a gift from Sif Muna
   961 | D        | Killed a fire dragon
   962 | D        | Got Emunuox's Encyclopedia of the Onion {god gift}
  1112 | D        | Got Tianeh's Reference Book on the Salvo and Envenoming
                  | {god gift}
  1116 | D        | Found a transporter.
  1156 | D        | Entered arena 16.
  1159 | D        | Found the +8 Vampire's Tooth {vamp}
  1163 | D        | Received a gift from Sif Muna
  1167 | D        | Received a gift from Sif Muna
  1170 | D        | Got Sif Muna's Lectures on Death {god gift}
  1171 | D        | Found a transporter.
  1302 | D        | Got the ring "Cidweple" {Drain rPois Str+6 Int+3}
  1317 | D        | Learned a level 5 spell: Fireball
  1326 | D        | Learned a level 8 spell: Ignition
  1333 | D        | Learned a level 6 spell: Death Channel
  1336 | D        | Entered arena 17.
  1341 | D        | Noticed a vampire mage
  1341 | D        | Noticed a lich
  1341 | D        | Noticed a vampire mage
  1341 | D        | Noticed a vampire mage
  1341 | D        | Noticed a lich
  1341 | D        | Noticed a ghoul
  1342 | D        | Identified the +7 mace of Sloth {flame, rCorr}
  1344 | D        | Received a gift from Sif Muna
  1345 | D        | Reached skill level 19 in Dodging
  1345 | D        | Killed a vampire mage
  1346 | D        | Killed a vampire mage
  1346 | D        | Killed from afar by a lich

Illustrated notes

Levels and vault maps discovered:
D:        sprint_v [room_start, room_1, room_2, room_3, room_4, room_5, room_6,
          room_7, room_8, room_9, room_10, room_11, room_12, room_13, room_14,
          room_15, room_16, room_17, room_18, room_19, room_20, room_21,
          room_22, room_23, room_24, room_25, room_26, room_27]

Skill      XL: |  1  2  3  4  5  6  7  8  9 10 11 12 |
---------------+-------------------------------------+-----
Evocations     | 8 9 10 11 14 15 16 18 | 18.1
Fighting       | 2 4 7 8 |  8.0
Dodging        | 3 5 7 10 11 12 14 15 17 19 | 19.1
Spellcasting   | 4 5 6 9 |  9.8
Fire Magic     | 9 14 16 | 16.2
Necromancy     | 3 |  3.9
Stealth        | |  1.3

Action                   |  1- 3 |  4- 6 |  7- 9 | 10-12 || total
-------------------------+-------+-------+-------+-------++-------
Melee: Quarterstaff      |       |       |       |     4 ||     4
       Tentacles         |       |       |       |     2 ||     2
       Constrict         |       |       |       |     1 ||     1
Evoke: Lightning rod     |     4 |     7 |    19 |    44 ||    74
       Phantom mirror    |       |     1 |     1 |     7 ||     9
       Wand              |       |       |       |     4 ||     4
       Condenser vane    |       |       |       |     7 ||     7
       Phial of floods   |       |       |       |     3 ||     3
       Box of beasts     |       |       |       |     4 ||     4
  Use: Potion            |     1 |       |       |     5 ||     6
       Scroll            |       |       |       |     1 ||     1
 Stab: Invisible         |       |       |       |     1 ||     1
Armor: Skin              |     1 |       |       |     1 ||     2
Dodge: Dodged            |     1 |     2 |    18 |    80 ||   101

Table legend: (Time is in decaauts)
 A = Elapsed time spent in this place.
 B = Non-inter-level travel time spent in this place.
 C = Inter-level travel time spent in this place.
 D = Time resting spent in this place.
 E = Time spent auto-exploring this place.
 F = Levels seen in this place.
 G = Mean time per level.
                   A        B        C        D        E       F      G
               +--------+--------+--------+--------+--------+-----+--------+
         Total |   1326 |   1326 |      0 |    539 |    154 |   1 | 1326.0 |
       Dungeon |   1326 |   1326 |      0 |    539 |    154 |   1 | 1326.0 |
               +--------+--------+--------+--------+--------+-----+--------+

Top non-repeatable levels by time:
       D: 1326 daAuts
